 Dungeon Crawl Stone Soup version 0.23.2-1-ga50397a (webtiles) character file.

Game seed: 2877436868408677835

28853 smcx the Fighter (level 13, -4/225 HPs)
             Began as a Minotaur Berserker on May 13, 2019.
             Was an Elder of Trog.
             Slain by a tarantella (18 damage)
             ... on level 4 of the Lair of Beasts.
             The game lasted 01:06:32 (19305 turns).

smcx the Fighter (Minotaur Berserker)              Turns: 19305, Time: 01:06:33

Health: -4/225     AC:  0    Str: 31    XL:     13   Next: 12%
Magic:  12/12      EV: 11    Int:  4    God:    Trog [****..]
Gold:   1425       SH:  0    Dex: 16    Spells: 12/12 levels left

rFire    . . .     SeeInvis .   O - +3 morningstar (freeze)
rCold    + + +     Gourm    .   E - +0 buckler
rNeg     + . .     Faith    .   S - +0 ice dragon scales
rPois    +         Spirit   .   (helmet restricted)
rElec    .         Reflect  +   (no cloak)
rCorr    .         Harm     .   t - +2 pair of gloves
MR       .....                  f - +0 pair of boots
Stlth    ..........             V - amulet of Wunleur {Reflect rC++ rN+ SH+5}
HPRegen  0.47/turn              d - ring of protection from fire
MPRegen  0.13/turn              W - ring of poison resistance

@: agile, berserking, corroded, held, hasted, very quick
A: retaliatory headbutt, horns 2, robust 2
a: Berserk, Trog's Hand, Brothers in Arms, Renounce Religion


You were on level 4 of the Lair of Beasts.
You worshipped Trog.
Trog was greatly pleased with you.
You were near starving.

You visited 4 branches of the dungeon, and saw 16 of its levels.
You also visited: Sewer and Ice Cave.

You collected 1911 gold pieces.
You spent 486 gold pieces at shops.

Inventory:

Hand Weapons
 b - a +0 demon blade of draining
 I - a +2 flail of holy wrath
 O - a +3 morningstar of freezing (weapon)
Missiles
 r - a throwing net (quivered)
Armour
 f - a +0 pair of boots (worn)
 t - a +2 pair of gloves (worn)
 E - a +0 buckler (worn)
 S - +0 ice dragon scales (worn)
Jewellery
 d - a ring of protection from fire (left hand)
 P - an uncursed ring of protection from fire
 V - the amulet of Wunleur (around neck) {Reflect rC++ rN+ SH+5}
   (You found it in an ice cave)

   [amulet of reflection]

   It shields you and reflects attacks.
   It greatly protects you from cold.
   It protects you from negative energy.
   It affects your SH (+5).
 W - a ring of poison resistance (right hand)
Wands
 a - a wand of disintegration (11)
 e - a wand of flame (18)
 j - a wand of iceblast (19)
 v - a wand of clouds (3)
 y - a wand of acid (19)
 B - a wand of paralysis (16)
 H - a wand of random effects (27)
 J - a wand of digging (4)
 L - a wand of polymorph (11)
 M - a wand of scattershot (4)
Scrolls
 g - 5 scrolls of remove curse
 h - a scroll of magic mapping
 i - 6 scrolls of teleportation
 k - 2 scrolls of enchant armour
 l - 3 scrolls of vulnerability {unknown}
 n - 6 scrolls of fear
 p - a scroll of blinking
 q - a scroll of enchant weapon {unknown}
 s - 6 scrolls of identify
 x - 3 scrolls of immolation {unknown}
 K - 3 scrolls of fog {unknown}
Potions
 o - a potion of brilliance {unknown}
 u - 2 potions of haste
 w - a potion of agility
 z - a potion of ambrosia {unknown}
 C - a potion of mutation
 D - a potion of resistance {unknown}
 F - a potion of cancellation {unknown}
 G - a potion of might {unknown}
 N - a potion of curing
Comestibles
 c - 7 rations


   Skills:
 + Level 14.9 Fighting
 - Level 9.5 Long Blades
   Level 7.3(9.8) Axes
 + Level 10.2(11.1) Maces & Flails
 + Level 14.8 Armour
 - Level 2.6 Dodging
 - Level 4.1 Shields


You had 12 spell levels left.
You didn't know any spells.
Your spell library was empty.

Dungeon Overview and Level Annotations

Branches:
Dungeon (10/15)            Temple (1/1) D:5            Lair (4/6) D:10
 Shoals (0/4) Lair:4       Spider (1/4) Lair:4          Orc (0/2) D:9

Altars:
Ashenzari
Cheibriados
Dithmenos
Elyvilon
Fedhas
Gozag
Hepliaklqana
Kikubaaqudgha
Makhleb
Nemelex Xobeh
Okawaru
Qazlal
Ru
Sif Muna
Trog
Uskayaw
Vehumet
Wu Jian
Xom
Yredelemnul
Zin
The Shining One
Beogh

Shops:
D:5 *   D:7 [   D:9 ?

Annotations:
D:10 exclusion: 2 oklob plants


Innate Abilities, Weirdness & Mutations

You reflexively headbutt those who attack you in melee.
You have a pair of horns on your head.
You are very robust. (+20% HP)


Message History

The tarantella barely misses you. The tarantella bites you!
* * * LOW HITPOINT WARNING * * *
You are more confused.
You hit the tarantella but do no damage.
The tarantella is severely wounded.
The tarantella closely misses you.
You are caught in the web!
There is a web here.
It was a potion of curing.
You feel better. The tarantella bites you.
* * * LOW HITPOINT WARNING * * *
A red film seems to cover your vision as you go berserk!
You feel yourself moving faster!
You feel mighty!
You are near starving!
The tarantella bites you.
* * * LOW HITPOINT WARNING * * *
You struggle to detach yourself from the web.
You feel a strong urge to attack something.
The tarantella bites you!!
You die...

. ..........# ##..## ..
###.#..### ##.#
..####.#...#########.##
.^..##^^..#.#.#.##....
#.^#.^###...........
##.^.#.###.#..####.# .
#^.>..^.^####.P# ###
....#..s.##..# #...# #
#.....@#.^#^# ##..# #
##^###^...#..##...# #
#. #.#^..#####.## # #
..^#..# ##.# # ### .##
#P.# .. #..# ..# ##.#
###


You could see a tarantella.

Vanquished Creatures
  2 ice dragons (IceCv)
  2 hydras
  An unseen horror (D:10)
  A lindwurm (Lair:3)
  2 orb spiders (Spider:1)
  2 wolf spiders (Spider:1)
  A cyclops (D:10)
  A merfolk siren (Lair:4)
  2 black mambas
  Joseph (D:9)
  2 centaur skeletons
  7 spiny frogs
  5 komodo dragons
  3 rime drakes
  2 demonic crawlers (Spider:1)
  A queen bee (D:10)
  2 jumping spiders (Spider:1)
  A dream sheep (Lair:3)
  A hippogriff (Lair:1)
  7 redbacks (Spider:1)
  A wyvern (D:8)
  21 yaks
  2 tarantellas
  A hungry ghost (D:9)
  A warg (D:9)
  A soldier ant (D:10)
  8 porcupines
  3 water moccasins
  3 orc warriors
  3 phantoms
  10 ice beasts
  3 sky beasts
  3 black bears
  A hornet zombie (D:10)
  An eye of draining (D:10)
  3 ogres
  5 wolves (Lair:2)
  2 centaurs
  4 crocodiles
  A big kobold (D:6)
  6 bullfrogs
  3 scorpions
  35 killer bees
  A howler monkey (D:4)
  A wight (D:10)
  An electric eel (D:8)
  A bullfrog zombie (D:10)
  3 crimson imps
  A quasit (D:10)
  5 orc wizards
  2 hounds
  3 orc priests
  4 bullfrog skeletons
  Terence (D:2)
  An iguana (D:4)
  Natasha (thrice) (D:4)
  3 worker ants
  A hound zombie (D:5)
  A hound skeleton (D:4)
  A worker ant zombie (D:8)
  7 gnolls
  20 adders
  3 river rats (Sewer)
  An adder zombie (D:9)
  2 worms
  3 adder skeletons
  2 dart slugs
  8 leopard geckos
  46 orcs
  7 bats
  9 giant cockroaches
  9 hobgoblins
  5 jackals
  4 quokkas
  5 ball pythons
  9 frilled lizards
  10 goblins
  9 kobolds
  A quokka zombie (D:6)
  13 rats
  A fungus (Lair:3)
  2 plants (D:10)
376 creatures vanquished.

Vanquished Creatures (collateral kills)
  Gastronok (Lair:3)
  A hydra (Lair:2)
  An orb spider (Spider:1)
  A manticore (D:9)
  Psyche (D:9)
  A rime drake (IceCv)
  A hornet (Spider:1)
  A hippogriff (D:8)
  4 yaks (D:8)
  A redback (Spider:1)
  10 ice beasts (IceCv)
  An orc warrior (D:9)
  An ogre (D:9)
  A sky beast (D:9)
  A crocodile (Lair:2)
  2 orc priests (D:9)
  A worker ant (D:9)
  11 orcs (D:9)
  A quokka (D:8)
  A goblin (D:9)
43 creatures vanquished.

Vanquished Creatures (others)
  2 plants (Lair:2)
2 creatures vanquished.

Grand Total: 421 creatures vanquished

Notes
Turn   | Place    | Note
-------+----------+-------------------------------------------
     0 | D:1      | smcx the Minotaur Berserker began the quest for the Orb.
     0 | D:1      | Reached XP level 1. HP: 19/19 MP: 0/0
   319 | D:1      | Reached XP level 2. HP: 27/27 MP: 1/1
   953 | D:2      | Reached XP level 3. HP: 33/33 MP: 2/2
   953 | D:2      | Reached ** piety under Trog
  1019 | D:2      | Noticed Terence
  1231 | D:2      | Reached XP level 4. HP: 37/41 MP: 3/3
  1236 | D:2      | Killed Terence
  2063 | D:3      | Reached XP level 5. HP: 47/47 MP: 4/4
  2344 | D:3      | Reached skill level 5 in Fighting
  2344 | D:3      | Reached skill level 1 in Long Blades
  3090 | D:4      | Reached XP level 6. HP: 51/56 MP: 5/5
  3133 | D:4      | Reached *** piety under Trog
  3181 | D:4      | Reached skill level 5 in Armour
  3333 | D:4      | Noticed Natasha
  3338 | D:4      | Killed Natasha
  3382 | D:4      | Noticed Natasha
  3386 | D:4      | Killed Natasha
  3709 | D:4      | Noticed Natasha
  3714 | D:4      | Killed Natasha
  3846 | D:5      | Entered Level 5 of the Dungeon
  3860 | D:5      | Reached XP level 7. HP: 64/64 MP: 6/6
  3886 | D:5      | Found a staircase to the Ecumenical Temple.
  3968 | D:5      | Found a sparkling altar of Nemelex Xobeh.
  3968 | D:5      | Found a sacrificial altar of Ru.
  3976 | D:5      | Found a faded altar of an unknown god.
  3978 | D:5      | Found a radiant altar of Vehumet.
  3980 | D:5      | Found a bloodstained altar of Trog.
  4113 | D:5      | Found Beochyum's Assorted Antiques.
  4177 | D:5      | Found a glowing drain.
  4203 | Sewer    | Entered a sewer
  4331 | Sewer    | Reached skill level 5 in Long Blades
  4363 | Sewer    | Reached **** piety under Trog
  4650 | D:5      | Reached XP level 8. HP: 73/73 MP: 7/7
  4964 | Temple   | Entered the Ecumenical Temple
  5545 | D:6      | Found a sparkling altar of Nemelex Xobeh.
  6493 | D:7      | Reached skill level 1 in Shields
  7235 | D:7      | Found Rani's Antique Armour Shoppe.
  7310 | D:8      | Noticed a hippogriff
  7323 | D:8      | Killed a hippogriff
  7323 | D:8      | Reached XP level 9. HP: 82/82 MP: 8/8
  7378 | D:8      | Found a shadowy altar of Dithmenos.
  7423 | D:8      | Reached skill level 5 in Axes
  8065 | D:8      | Reached skill level 10 in Fighting
  8330 | D:7      | Reached XP level 10. HP: 20/93 MP: 9/9
  8736 | D:5      | Bought a glowing demon blade for 486 gold pieces
  9002 | D:8      | Reached skill level 10 in Armour
  9710 | D:9      | Reached ***** piety under Trog
 10090 | D:9      | Found a staircase to the Orcish Mines.
 10101 | D:9      | Found Nixasouk's Magic Scroll Shop.
 10257 | D:9      | Found a roughly hewn altar of Beogh.
 10302 | D:9      | Noticed Joseph
 10314 | D:9      | Killed Joseph
 10457 | D:9      | Noticed Psyche
 10464 | D:9      | Killed Psyche
 10647 | D:9      | Noticed a manticore
 10657 | D:9      | Killed a manticore
 10742 | D:10     | Entered Level 10 of the Dungeon
 10942 | D:10     | Killed an unseen horror
 10942 | D:10     | Reached XP level 11. HP: 44/104 MP: 10/10
 11231 | D:10     | Reached skill level 1 in Maces & Flails
 11686 | D:10     | Found a staircase to the Lair.
 11686 | D:10     | Noticed an oklob plant
 11686 | D:10     | Noticed an oklob plant
 13170 | Lair:1   | Entered Level 1 of the Lair of Beasts
 13795 | Lair:1   | Reached skill level 5 in Maces & Flails
 13801 | Lair:1   | Found a frozen archway.
 13832 | IceCv    | Entered an ice cave
 14133 | IceCv    | Noticed an ice dragon
 14133 | IceCv    | Noticed an ice dragon
 14142 | IceCv    | Killed an ice dragon
 14146 | IceCv    | Killed an ice dragon
 14521 | IceCv    | Got a pitted emerald amulet
 14552 | IceCv    | Identified the amulet of Wunleur {Reflect rC++ rN+ SH+5}
                  | (You found it in an ice cave)
 15294 | Lair:2   | Reached XP level 12. HP: 94/115 MP: 11/11
 15747 | Lair:2   | Noticed a six-headed hydra
 15752 | Lair:2   | Killed a six-headed hydra
 15778 | Lair:2   | Noticed a seven-headed hydra
 15788 | Lair:2   | Killed a seven-headed hydra
 16530 | Lair:3   | Noticed a four-headed hydra
 16541 | Lair:3   | Killed a four-headed hydra
 16782 | Lair:3   | Noticed Gastronok
 16803 | Lair:3   | Killed Gastronok
 17386 | Lair:4   | Found a staircase to the Shoals.
 17797 | Lair:4   | Found a hole to the Spider Nest.
 17816 | Spider:1 | Entered Level 1 of the Spider Nest
 17845 | Spider:1 | Received a gift from Trog
 18527 | Spider:1 | Reached XP level 13. HP: 125/125 MP: 12/12
 18532 | Spider:1 | Reached skill level 10 in Maces & Flails
 18907 | Spider:1 | Noticed an entropy weaver
 18918 | Spider:1 | Paralysed by a hornet for 3 turns
 18924 | Spider:1 | Gained mutation: You are robust. (+10% HP) [potion of
                  | mutation]
 18924 | Spider:1 | Gained mutation: You are very robust. (+20% HP) [potion of
                  | mutation]
 19305 | Lair:4   | Slain by a tarantella

Skill      XL: |  1  2  3  4  5  6  7  8  9 10 11 12 13 |
---------------+----------------------------------------+-----
Fighting       | 4 5 6 7 8 10 11 13 14 | 14.9
Axes           | 4 7 |  7.3
Armour         | 3 4 5 6 8 9 11 13 14 | 14.8
Long Blades    | 2 3 5 7 9 |  9.5
Shields        | 2 4 |  4.1
Maces & Flails | 6 9 10 | 10.2
Dodging        | |  2.6

Action                   |  1- 3 |  4- 6 |  7- 9 | 10-12 | 13-15 || total
-------------------------+-------+-------+-------+-------+-------++-------
Melee: Hand axe          |    69 |    29 |       |       |       ||    98
       Headbutt          |     9 |    34 |    61 |   154 |     8 ||   266
       Falchion          |       |   114 |   292 |       |       ||   406
       Unarmed           |       |     8 |       |       |       ||     8
       Broad axe         |       |       |    82 |       |       ||    82
       Demon blade       |       |       |       |   260 |       ||   260
       Morningstar       |       |       |       |   447 |    29 ||   476
Invok: Berserk           |       |       |     2 |    10 |     1 ||    13
       Brothers in Arms  |       |       |     2 |    11 |     2 ||    15
  Use: Scroll            |     4 |     5 |     8 |     5 |     4 ||    26
       Potion            |       |       |     5 |     3 |     6 ||    14
 Stab: Distracted        |       |       |       |     2 |       ||     2
  Eat: Chunk             |     1 |     5 |     7 |    16 |     1 ||    30
       Ration            |       |     1 |     3 |    10 |       ||    14
Armor: Chain mail        |    16 |    51 |   242 |   343 |       ||   652
       Scale mail        |    16 |     8 |       |       |       ||    24
       Ice dragon scales |       |       |       |    90 |    28 ||   118
Dodge: Dodged            |    38 |    64 |   184 |   285 |    20 ||   591
Block: Other             |       |       |    12 |       |       ||    12
       Buckler           |       |       |    72 |   300 |    25 ||   397
       Reflection        |       |       |       |     3 |       ||     3
       Rpst.: Falchion   |       |    12 |    34 |       |       ||    46
       Demon blade       |       |       |       |    21 |       ||    21
